 Dungeon Crawl Stone Soup version 0.29-a0-275-g389c0b56f3 (webtiles) character file.

Game seed: 17668964046248729162

22681 testman the Grappler (level 13, -9/119 HPs)
             Began as a Ghoul Monk on Mar 9, 2022.
             Was the Champion of Cheibriados.
             Mangled by Frances
             ... wielding a +0 falchion
              (20 damage)
             ... on level 12 of the Dungeon.
             The game lasted 00:58:38 (14993 turns).

testman the Grappler (Ghoul Monk)                  Turns: 14993, Time: 00:58:39

Health: -9/119     AC: 18    Str: 41    XL:     13   Next: 1%
Magic:  18/18      EV: 11    Int: 20    God:    Cheibriados [******]
Gold:   595        SH: 13    Dex: 26    Spells: 2/12 levels left

rFire   + . .      SeeInvis .     - Unarmed
rCold   + + +      Faith    .   N - +2 buckler {rC+}
rNeg    + + +      Spirit   .   M - +2 chain mail {rC+}
rPois   ∞          Reflect  +   (no helmet)
rElec   .          Harm     .   s - +1 cloak
rCorr   .          Rampage  .   (no gloves)
Will    .....                   O - +2 pair of boots "Hoacoy Ciral" {rF+ Regen+}
Stlth   ..........              y - amulet of reflection
HPRegen 0.00/turn               C - +6 ring of strength
MPRegen 0.16/turn               (no ring)

@: inhibited regen, very slow
A: claws 1, cold resistance 1, negative energy resistance 3, inhibited
regeneration, torment resistance 2
a: Renounce Religion, Bend Time, Temporal Distortion, Slouch, Step From Time


You were on level 12 of the Dungeon.
You worshipped Cheibriados.
Cheibriados was exalted by your worship.
You visited 1 branch of the dungeon, and saw 12 of its levels.
You also visited: Ice Cave.

You collected 685 gold pieces.
You spent 90 gold pieces at shops.

Inventory:

Hand Weapons
 i - a +0 hunting sling
Missiles
 a - 2 boomerangs (quivered)
 e - 502 stones
 t - 2 boomerangs of dispersal
 v - 12 poisoned darts
 H - a curare-tipped dart
Armour
 s - a +1 cloak (worn)
 z - a +4 scale mail
 B - the +0 plate armour of Agoraphobia {rF+ Str+4 Dex+4}
   (You took it off a skeletal warrior on level 7 of the Dungeon)

   Str:       It affects your strength (+4).
   Dex:       It affects your dexterity (+4).
   rF:        It protects you from fire.
 M - a +2 chain mail of cold resistance (worn)
 N - a +2 buckler of cold resistance (worn)
 O - the +2 pair of boots "Hoacoy Ciral" (worn) {rF+ Regen+}
   (You found it in an ice cave)

   rF:        It protects you from fire.
   Regen:     It increases your rate of health regeneration.
Jewellery
 r - an amulet of guardian spirit
 y - an amulet of reflection (around neck)
 C - a +6 ring of strength (left claw)
Wands
 j - a wand of polymorph (5)
 p - a wand of iceblast (18)
 A - a wand of flame (25)
 E - a wand of paralysis (5)
 J - a wand of digging (8)
 K - a wand of charming (3)
Scrolls
 c - 2 scrolls of vulnerability
 d - a scroll of silence
 g - a scroll of fog
 k - 4 scrolls of teleportation
 l - a scroll of fear
 o - 2 scrolls of torment
 u - a scroll of noise {unknown}
 G - 2 scrolls of amnesia
 I - a scroll of magic mapping {unknown}
 L - a scroll of enchant armour {unknown}
Potions
 b - a potion of haste {unknown}
 f - 2 potions of might {unknown}
 h - a potion of attraction {unknown}
 m - 3 potions of heal wounds {unknown}
 n - 5 potions of curing
 q - 2 potions of degeneration {unknown}
 w - a potion of invisibility {unknown}
 x - 3 potions of flight {unknown}
 F - 3 potions of brilliance {unknown}
Miscellaneous
 D - a tin of tremorstones (2/2)


   Skills:
 + Level 12.9 Fighting
 + Level 8.0 Armour
 - Level 2.6 Dodging
 - Level 2.1 Stealth
 + Level 2.3 Shields
 + Level 13.0 Unarmed Combat
 + Level 6.0 Translocations
 + Level 9.1 Invocations


You had 2 spell levels left.
You knew the following spells:

 Your Spells              Type           Power      Damage    Failure   Level
a - Blink                 Tloc           48%        N/A       10%         2
b - Lesser Beckoning      Tloc           24%        N/A       19%         3
c - Manifold Assault      Tloc           24%        N/A       87%         5

Your spell library contained the following spells:

 Spells                   Type           Power      Damage    Failure   Level
 Pain                     Necr           0%         1d4       58%         1
 Slow                     Hex            0%         N/A       58%         1
 Iskenderun's Mystic Bla  Conj/Tloc      12%        2d5       91%         4
 Conjure Flame            Conj/Fire      0%         6-21      92%         3
 Ignite Poison            Fire/Tmut/Pois 0%         N/A       92%         3
 Inner Flame              Hex/Fire       0%         N/A       92%         3
 Mephitic Cloud           Conj/Pois/Air  0%         N/A       92%         3
 Cause Fear               Hex            0%         N/A       100%        4
 Fulminant Prism          Conj/Hex       0%         3d6       100%        4
 Sticky Flame             Conj/Fire      0%         2d3       100%        4
 Freezing Cloud           Conj/Ice/Air   0%         6-21      100%        5
 Iskenderun's Battlesphe  Conj           0%         2d6       100%        5


Dungeon Overview and Level Annotations

Branches:
Dungeon (12/15)            Temple (0/1) D:5            Lair (0/6) D:8
    Orc (0/2) D:9           IceCv (visited)

Altars:
Cheibriados
Nemelex Xobeh
Wu Jian
Zin

Annotations:
D:12 Frances


Innate Abilities, Weirdness & Mutations

You thrive by killing the living.
You are immune to poison.
You have sharp fingernails.
Your flesh is cold resistant. (rC+)
You are immune to negative energy. (rN+++)
You do not regenerate when monsters are visible.
You are immune to unholy pain and torment.


Message History

* * * LOW HITPOINT WARNING * * *
Your Unarmed Combat skill increases to level 13!
You have reached level 13!
You scratch Frances.
Frances is lightly wounded.
You completely miss Frances.
Frances is lightly wounded.
Frances chants phrases taken from a devil's mouth.
Frances seems to speed up.
Okay, then.
Okay, then.
Press: ? - help, v - describe, . - travel
Here: Frances, wielding a +0 falchion and wearing a +0 chain mail (lightly wounded, fast)
The floor.
Unknown command.
Okay, then.
You mangle Frances!!
Frances is moderately wounded.
You block Frances's attack.
You claw Frances!
Frances is moderately wounded.
You block Frances's attack. Frances completely misses you.
You claw Frances!
Frances is moderately wounded.
Frances hits you with a +0 falchion.
* * * LOW HITPOINT WARNING * * *
You closely miss Frances.
Frances is moderately wounded.
Frances hits you with a +0 falchion!
* * * LOW HITPOINT WARNING * * *
You mangle Frances!!
Frances is heavily wounded.
Frances misses you.
You scratch Frances but do no damage.
Frances is heavily wounded.
You block Frances's attack.
You closely miss Frances.
Frances is heavily wounded.
Frances hits you with a +0 falchion!!
You die...

# #.### #...# ###.# #.#
########### ######'###
#.........#
#.........###.....@...#
#.........#.'...J.....#
#.........#@#<........#
#.........@.#..J.J....#
#.........###...<.....#
+......##.# #####.##+##
#...... ... ..#
#+###...#. #... ##. .
.#.. ## ## #####


You could see Frances (fast).

Vanquished Creatures
  Jorgrun (D:12)
  An azure jelly (IceCv)
  A quicksilver ooze (IceCv)
  A boulder beetle (D:7)
  A skeletal warrior (D:7)
  Pikel (D:7)
  An ugly thing (D:11)
  A deep elf pyromancer (D:11)
  A cyclops (D:11)
  A manticore (D:11)
  3 ice statues (IceCv)
  Maggie (D:8)
  A kobold demonologist (D:7)
  2 ice devils (D:11)
  4 entropy weaver simulacra (IceCv)
  A komodo dragon (D:9)
  2 trolls
  2 hornets
  Prince Ribbit (D:5)
  22 slime creatures
  3 wraiths
  A shadow (D:12)
  A wyvern (D:10)
  2 vampires
  2 basilisks
  3 steam dragons
  6 vampire mosquitoes
  2 acid dragons
  A demonic crawler simulacrum (IceCv)
  2 water moccasins
  4 orc warriors
  3 ice beasts
  2 black bears (D:8)
  4 ugly thing simulacra (IceCv)
  4 sky beasts
  4 ogres
  2 centaurs
  2 phantoms (D:4)
  2 lemures (D:7)
  10 bullfrogs
  2 kobold brigands
  3 scorpions
  A gnoll sergeant (D:9)
  3 glowing shapeshifter simulacra (IceCv)
  7 wights
  6 killer bees (D:8)
  6 howler monkeys
  5 electric eels (D:7)
  A gnoll shaman (D:6)
  7 orc priests
  Crazy Yiuf (D:4)
  Jessica (D:2)
  2 iguanas
  19 orc wizards
  3 gnolls (D:9)
  4 adders
  A shadow imp (D:6)
  A white imp (D:7)
  2 ufetubi
  4 dart slugs
  49 orcs
  4 endoplasms (D:1)
  4 giant cockroaches
  6 goblins
  8 hobgoblins
  6 jackals
  25 kobolds
  3 quokkas
  6 ball pythons
  5 bats
  3 frilled lizards
  7 rats
314 creatures vanquished.

Vanquished Creatures (others)
  A fungus (D:8)
  31 plants
32 creatures vanquished.

Grand Total: 346 creatures vanquished

Notes
Turn   | Place    | Note
-------+----------+-------------------------------------------
     0 | D:1      | testman the Ghoul Monk began the quest for the Orb.
     0 | D:1      | Reached XP level 1. HP: 19/19 MP: 0/0
   205 | D:1      | Reached XP level 2. HP: 26/26 MP: 1/1
   516 | D:1      | Found a faded altar of an unknown god.
   627 | D:1      | Reached skill level 4 in Unarmed Combat
   627 | D:1      | Reached XP level 3. HP: 33/33 MP: 2/2
  1307 | D:2      | Noticed Jessica
  1316 | D:2      | Killed Jessica
  1317 | D:2      | Reached XP level 4. HP: 41/41 MP: 3/3
  1970 | D:3      | Found a snail-covered altar of Cheibriados.
  1995 | D:3      | Became a worshipper of Cheibriados the Contemplative
  1995 | D:3      | Reached * piety under Cheibriados
  1995 | D:3      | Reached ** piety under Cheibriados
  2311 | D:3      | Reached skill level 5 in Fighting
  2311 | D:3      | Reached XP level 5. HP: 13/48 MP: 4/4
  2316 | D:3      | Reached skill level 5 in Unarmed Combat
  2876 | D:3      | Found Zin's Purification Station.
  2884 | D:3      | Bought a potion of curing for 90 gold pieces
  3262 | D:4      | Reached XP level 6. HP: 37/56 MP: 5/5
  3277 | D:4      | Reached *** piety under Cheibriados
  3477 | D:4      | Reached skill level 6 in Unarmed Combat
  3643 | D:4      | Noticed a sky beast
  3661 | D:4      | Killed a sky beast
  3662 | D:4      | Reached XP level 7. HP: 59/64 MP: 6/6
  4188 | D:4      | Found a runed translucent door.
  4189 | D:4      | Noticed Crazy Yiuf
  4197 | D:4      | Killed Crazy Yiuf
  4461 | D:5      | Entered Level 5 of the Dungeon
  4461 | D:5      | Found a staircase to the Ecumenical Temple.
  4528 | D:5      | Reached skill level 7 in Unarmed Combat
  4686 | D:5      | Reached **** piety under Cheibriados
  4919 | D:5      | Reached XP level 8. HP: 71/73 MP: 5/7
  4958 | D:5      | Reached skill level 1 in Armour
  5117 | D:5      | Noticed Prince Ribbit
  5136 | D:5      | Killed Prince Ribbit
  5267 | D:5      | Reached skill level 8 in Unarmed Combat
  5523 | D:6      | Noticed a hornet
  5536 | D:6      | Killed a hornet
  5976 | D:6      | Reached XP level 9. HP: 82/82 MP: 8/8
  6397 | D:6      | Reached skill level 9 in Unarmed Combat
  6473 | D:7      | Reached ***** piety under Cheibriados
  6521 | D:7      | Noticed a troll
  6535 | D:7      | Killed a troll
  6959 | D:7      | Reached skill level 1 in Invocations
  7281 | D:7      | Reached skill level 5 in Armour
  7371 | D:7      | Noticed a boulder beetle
  7375 | D:7      | Noticed a kobold demonologist
  7375 | D:7      | Identified the +0 plate armour of Agoraphobia {rF+ Str+4
                  | Dex+4}
  7375 | D:7      | Noticed a skeletal warrior
  7382 | D:7      | Reached skill level 10 in Fighting
  7382 | D:7      | Reached skill level 10 in Unarmed Combat
  7382 | D:7      | Reached XP level 10. HP: 87/93 MP: 9/11
  7394 | D:7      | Killed a skeletal warrior
  7409 | D:7      | Killed a kobold demonologist
  7429 | D:7      | Killed a boulder beetle
  7430 | D:7      | Reached skill level 5 in Invocations
  7645 | D:7      | Got Xucvohac's Catalogue of Dislocated Attacks
  7653 | D:7      | Learned a level 2 spell: Blink
  7657 | D:7      | Learned a level 3 spell: Lesser Beckoning
  7835 | D:7      | Noticed Pikel
  7840 | D:7      | Paralysed by Pikel for 7 turns
  7853 | D:7      | Killed Pikel
  7854 | D:7      | Reached skill level 1 in Translocations
  8214 | D:7      | Reached skill level 11 in Unarmed Combat
  9332 | D:8      | Got the Volume of Doomed Curses
  9493 | D:8      | Noticed Maggie
  9509 | D:8      | Killed Maggie
  9510 | D:8      | Reached XP level 11. HP: 101/102 MP: 12/14
  9695 | D:8      | Found a staircase to the Lair.
  9991 | D:8      | Found an ornate altar of the Wu Jian Council.
  9991 | D:8      | Found a sparkling altar of Nemelex Xobeh.
 10307 | D:9      | Reached ****** piety under Cheibriados
 10497 | D:9      | Found a staircase to the Orcish Mines.
 11004 | D:10     | Entered Level 10 of the Dungeon
 11883 | D:11     | Noticed a green ugly thing
 11894 | D:11     | Killed a green ugly thing
 12084 | D:11     | Noticed a manticore
 12091 | D:11     | Killed a manticore
 12112 | D:11     | Found a frozen archway.
 12131 | IceCv    | Entered an ice cave
 12222 | IceCv    | Reached skill level 12 in Unarmed Combat
 12753 | IceCv    | Learned a level 5 spell: Manifold Assault
 12868 | IceCv    | Reached XP level 12. HP: 64/112 MP: 16/16
 13348 | IceCv    | Noticed a quicksilver ooze
 13350 | IceCv    | Killed a quicksilver ooze
 13359 | IceCv    | Reached skill level 5 in Translocations
 13808 | IceCv    | Noticed an azure jelly
 13821 | IceCv    | Killed an azure jelly
 13997 | IceCv    | Found a viscous altar of Jiyva.
 14028 | IceCv    | Identified the +2 pair of boots "Hoacoy Ciral" {rF+ Regen+}
 14513 | D:12     | Noticed Frances
 14522 | D:11     | Reached skill level 1 in Shields
 14582 | D:12     | Noticed Jorgrun
 14590 | D:12     | Killed Jorgrun
 14984 | D:12     | Reached skill level 13 in Unarmed Combat
 14984 | D:12     | Reached XP level 13. HP: 24/119 MP: 18/18
 14993 | D:12     | Mangled by Frances

Illustrated notes

Levels and vault maps discovered:
D:1:      ncdulo_watergridlock, layout_basic, basic_ecumenical_altar,
          hangedman_decor_growths
D:2:      layout_basic, uniq_jessica, uniq_robin
D:3:      layout_basic, zin_purify, mainiacjoe_overflow_paths, serial_forest,
          infiniplex_forest_end_2, infiniplex_forest_fountain,
          infiniplex_forest_zigzag_1, infiniplex_forest_clump_diagonal,
          infiniplex_forest_straight_4, infiniplex_forest_straight_2,
          infiniplex_forest_clump_medium, infiniplex_forest_diagonal,
          infiniplex_forest_straight_3
D:4:      layout_loops_corners, uniq_crazy_yiuf_cottage
D:5:      kennysheep_kobold_camp, layout_basic, minmay_temple_entry_ruins,
          uniq_prince_ribbit1
D:6:      layout_basic, st_stairs_8
D:7:      minmay_the_grid_triangle_9x9_recursive_2
          [minmay_the_grid_triangle_9x9_prize_center,
          minmay_the_grid_triangle_9x9_sprig,
          minmay_the_grid_triangle_9x9_minimal,
          minmay_the_grid_triangle_9x9_checkered], layout_basic,
          kennysheep_boxes, uniq_pikel
D:8:      layout_gridville, gammafunk_temple_overflow_pools,
          grunt_lair_entry_orc_guard_hut, uniq_maggie
D:9:      layout_loops_cross, hiddenorc1_lemuel, minmay_lizard_king
D:10:     layout_small_grid
D:11:     layout_irregular_city, portal_ice_cave_demonic_guard, minivault_24
D:12:     layout_roguey, minmay_misc_feat_tower, kennysheep_another_room,
          uniq_jorgrun, uniq_frances

Skill      XL: |  1  2  3  4  5  6  7  8  9 10 11 12 |
---------------+-------------------------------------+-----
Fighting       | 4 5 6 7 8 10 11 12 | 12.9
Unarmed Combat | 4 5 6 7 8 10 11 12 13 | 13.0
Armour         | 3 5 6 8 |  8.0
Invocations    | 3 6 7 9 |  9.1
Translocations | 2 4 6 |  6.0
Shields        | 2 |  2.3
Dodging        | |  2.6
Stealth        | |  2.1

Action                   |  1- 3 |  4- 6 |  7- 9 | 10-12 | 13-15 || total
-------------------------+-------+-------+-------+-------+-------++-------
Melee: Unarmed           |    86 |   134 |   255 |   534 |     9 ||  1018
       Punch             |     2 |     4 |    14 |    27 |       ||    47
 Fire: Hunting sling     |       |     3 |     5 |       |       ||     8
Throw: Stone             |       |     9 |    19 |       |       ||    28
       Dart              |       |       |    33 |    33 |       ||    66
       Boomerang         |       |       |       |     2 |       ||     2
 Cast: Blink             |       |       |       |     4 |       ||     4
       Lesser Beckoning  |       |       |       |     1 |       ||     1
Invok: Slouch            |       |       |       |     2 |       ||     2
Evoke: Wand              |       |       |     2 |     2 |       ||     4
  Use: Potion            |       |     1 |       |       |       ||     1
       Scroll            |       |       |       |     7 |       ||     7
 Stab: Sleeping          |     4 |     4 |     1 |       |       ||     9
Armor: Robe              |    13 |    25 |     5 |       |       ||    43
       Ring mail         |       |       |    67 |       |       ||    67
       Scale mail        |       |       |    10 |   104 |       ||   114
       Plate armour      |       |       |       |    25 |       ||    25
       Chain mail        |       |       |       |    64 |       ||    64
Dodge: Dodged            |    56 |   102 |   126 |   218 |     2 ||   504
Block: Other             |       |       |       |    31 |       ||    31
       Buckler           |       |       |       |    36 |     3 ||    39

Table legend: (Time is in decaauts)
 A = Elapsed time spent in this place.
 B = Non-inter-level travel time spent in this place.
 C = Inter-level travel time spent in this place.
 D = Time resting spent in this place.
 E = Time spent auto-exploring this place.
 F = Levels seen in this place.
 G = Mean time per level.
                   A        B        C        D        E       F      G
               +--------+--------+--------+--------+--------+-----+--------+
         Total |  20276 |  19509 |    767 |   4391 |  11959 |  13 | 1559.7 |
       Dungeon |  18017 |  17250 |    767 |   2867 |  11896 |  12 | 1501.4 |
      Ice Cave |   2259 |   2259 |      0 |   1524 |     63 |   1 | 2259.0 |
               +--------+--------+--------+--------+--------+-----+--------+

Top non-repeatable levels by time:
     D:7: 3675 daAuts
   IceCv: 2259 daAuts
     D:4: 1802 daAuts
     D:3: 1617 daAuts
    D:10: 1444 daAuts
     D:5: 1424 daAuts
     D:8: 1419 daAuts
    D:11: 1407 daAuts
     D:6: 1397 daAuts
     D:9: 1371 daAuts
     D:1: 1029 daAuts
     D:2: 842 daAuts
    D:12: 584 daAuts
